 Dungeon Sprint DCSS version 0.31-a0-983-g7b6862f502 (webtiles) character file.

Game seed: 1429245321338824113

98 rocky1 the Covered (level 4, -7/45 HPs)
             Began as a Minotaur Fighter on Nov 3, 2023.
             Drowned by a water elemental (9 damage)
             ... in the Dungeon (Sprint III: "The Ten Rune Challenge").
             The game lasted 00:00:40 (307 turns).

rocky1 the Covered (Minotaur Fighter)                Turns: 307, Time: 00:00:41

Health: -7/45      AC:  7    Str: 23    XL:     4   Next: 44%
Magic:  3/3        EV:  9    Int:  5    God:
Gold:   9          SH:  5    Dex:  9    Spells: 3/3 levels left

rFire   . . .        a - +0 trident
rCold   . . .        c - +0 buckler
rNeg    . . .        b - +0 scale mail
rPois   .            (helmet restricted)
rElec   .            (no cloak)
rCorr   .            (no gloves)
SInv    .            (no boots)
Will    .....        k - amulet of the acrobat Stlth
                     (no ring)
HPRegen 0.27/turn    (no ring)
MPRegen 0.08/turn

%: no teleportation, acrobat
@: engulfed (cannot breathe)
A: horns 2, retaliatory headbutt
a: no special abilities


You were in the Dungeon.
You visited 1 branch You collected 9 gold pieces.

Inventory:

Hand Weapons
 a - a +0 trident (weapon)
Armour
 b - a +0 scale mail (worn)
 c - a +0 buckler (worn)
Jewellery
 k - an amulet of the acrobat (around neck)
Scrolls
 j - a scroll of blinking
 n - a scroll of torment {unknown}
 o - 3 scrolls of identify
 p - a scroll of immolation {unknown}
Potions
 d - a potion of might
 e - a potion of curing
 f - 3 potions of heal wounds
 g - a potion of haste
 h - 2 potions of magic
 i - a potion of berserk rage
 l - a potion of brilliance {unknown}
 m - 4 potions of mutation {unknown}
 q - 2 potions of enlightenment


   Skills:
 + Level 6.7 Fighting
 + Level 4.1 Polearms
 + Level 7.0 Armour
 + Level 6.7 Shields


You had 3 spell levels left.
You didn't know any spells.
Your spell library was empty.

Dungeon Overview and Level Annotations

Branches:
Dungeon (1/1)

Altars:


Innate Abilities, Weirdness & Mutations

You have a pair of horns on your head.
You reflexively headbutt those who attack you in melee.


Message History

You barely miss the human.
The human is severely wounded.
The human completely misses you.
You hit the human.
The human is severely wounded.
The human barely misses you. You furiously retaliate!
You headbutt the human. You closely miss the human. You headbutt the human!
You kill the human!
Your Polearms skill increases to level 4!
Your Armour skill increases to level 7!
No target in view!
You enter the shallow water.
Moving in this stuff is going to be slow.
You start resting.
HP restored.
You open the door.
A water elemental comes into view.
You reach to attack!
You hit the water elemental.
The water elemental is lightly damaged.
The water elemental hits you.
The water elemental engulfs you in water!
You hit the water elemental but do no damage.
Your lungs strain for air!
The water elemental closely misses you.
You hit the water elemental but do no damage.
Your lungs strain for air!
You block the water elemental's attack.
You hit the water elemental.
The water elemental is moderately damaged.
Your lungs strain for air!
The water elemental hits you!!
* * * LOW HITPOINT WARNING * * *
You hit the water elemental.
The water elemental is moderately damaged.
* * * LOW HITPOINT WARNING * * *
Your lungs strain for air!
The water elemental hits you.
You hit the water elemental.
The water elemental is moderately damaged.
You die...

▓▓▓▓▓▓▓▓▓▓ ▓▓▓
<.#..'...♣♣ ♣.#
..#..#....♣♣ ♣.#
#'####.....♣♣ ..#
.†.†.#....~.♣♣♣♣.# #+#+#
.....#...~~..♣...#......
.....#..~~~~♣.♣♣@E.⌠....
####'#..~≈≈~~~♣..#...###
..)..#.~~≈~~~....# ⌠.#
.....#.~≈~~~.....# .#
.....#.~~~.......# #
'#####...........#
.................#
▓▓▓▓▓▓▓▓▓▓▓▓▓▓▓▓▓▓


You could see a water elemental.

Vanquished Creatures
  A scorpion (D)
  Jessica (D)
  A human (D)
  3 rats (D)
6 creatures vanquished.

Notes
Turn   | Place    | Note
-------+----------+-------------------------------------------
     0 | D        | rocky1 the Minotaur Fighter began the quest for the Orb.
     0 | D        | Reached XP level 1. HP: 19/19 MP: 0/0
    19 | D        | Reached skill level 4 in Armour
    19 | D        | Noticed Jessica
    21 | D        | Killed Jessica
    22 | D        | Reached skill level 5 in Fighting
    22 | D        | Reached skill level 5 in Armour
    22 | D        | Reached skill level 5 in Shields
    22 | D        | Reached XP level 2. HP: 18/29 MP: 1/1
    86 | D        | Noticed a scorpion
    93 | D        | Killed a scorpion
    94 | D        | Reached skill level 6 in Armour
    94 | D        | Reached XP level 3. HP: 15/38 MP: 2/2
    94 | D        | Reached XP level 4. HP: 17/45 MP: 3/3
   285 | D        | Reached skill level 7 in Armour
   301 | D        | Noticed a water elemental
   306 | D        | HP: 2/45 [drowned by a water elemental (7)]
   307 | D        | Drowned by a water elemental

Illustrated notes

Levels and vault maps discovered:
D:        dungeon_sprint_mu [sprint_mu_entry_forest, sprint_mu_temple_rooms,
          sprint_mu_d1_spiders, sprint_mu_d2_genie, sprint_mu_d3_branching,
          sprint_mu_orc_legion, sprint_mu_elf_gauntlet, sprint_mu_hive_nellie,
          sprint_mu_lair_fedhas, sprint_mu_vaults_butterflies,
          sprint_mu_slime_circle, sprint_mu_shoals_kraken,
          sprint_mu_snake_twists, sprint_mu_blade_basic,
          sprint_mu_crypt_chambers, sprint_mu_tomb_spiral,
          sprint_mu_vestibule_basic, sprint_mu_gehenna_hellfire,
          sprint_mu_dis_giant, sprint_mu_tartarus_statrot,
          sprint_mu_cocytus_islands, sprint_mu_zot1]

Skill      XL: |  1  2  3  4 |
---------------+-------------+-----
Fighting       | 5 6 |  6.7
Armour         | 5 6 7 |  7.0
Shields        | 5 6 |  6.7
Polearms       | 3 4 |  4.1

Action                     |  1- 3 |  4- 6 || total
---------------------------+-------+-------++-------
  Melee: Trident           |    12 |    14 ||    26
         Headbutt          |       |     1 ||     1
 Armour: Scale mail        |     4 |     5 ||     9
  Dodge: Dodged            |     2 |     3 ||     5
  Block: Buckler           |     1 |     3 ||     4

Table legend: (Time is in decaauts)
 A = Elapsed time spent in this place.
 B = Non-inter-level travel time spent in this place.
 C = Inter-level travel time spent in this place.
 D = Time resting spent in this place.
 E = Time spent auto-exploring this place.
 F = Levels seen in this place.
 G = Mean time per level.
                   A        B        C        D        E       F      G
               +--------+--------+--------+--------+--------+-----+--------+
         Total |    315 |    315 |      0 |    205 |      5 |   1 |  315.0 |
       Dungeon |    315 |    315 |      0 |    205 |      5 |   1 |  315.0 |
               +--------+--------+--------+--------+--------+-----+--------+

Top non-repeatable levels by time:
       D: 315 daAuts
